AoeStats
← jantotu

Hideout

509586802Analyzed
1v1 RM · 5d ago on Sep 27, 2026· 66m 28s· 2 players
Game mode
Random Map
Map size
Tiny (2 player)
Population
200
Speed
Normal
Resources
Standard
Victory
Conquest
Starting age
Dark Age
Ending age
Imperial Age
RankedLock teamsTeams togetherTeam positionsShared explorationLock speedFull tech treeHidden civsTurbo modeCheats
Victory
Defeat
🇨🇭 Magyars · Switzerland
1196
+16
🇨🇳 Muisca · China
1192
-16
大农场主
10:19 Feudal Age
13:56 Castle Age
11:55 Horse Collar
12:02 Double-Bit Axe
12:41 Horse Collar
18:14 Loom
20:11 Bow Saw
20:02 Heavy Plow
22:23 Gold Mining
23:46 Wheelbarrow
23:46 Scale Mail Armor
23:57 Forging
24:15 Champi Runner
24:56 Squires
25:34 Champi Warrior
28:30 Chain Mail Armor
28:54 Iron Casting
28:49 Stone Mining
31:25 Gold Shaft Mining
31:26 Stone Shaft Mining
34:46 Imperial Age
33:06 Herbalism
33:40 Hand Cart
33:28 Fletching
33:38 Padded Archer Armor
34:38 Bodkin Arrow
34:40 Pikeman
35:40 Leather Archer Armor
35:16 Town Watch
36:37 Hoardings
36:39 Crop Rotation
37:10 Two-Man Saw
36:26 Thumb Ring
38:27 Chemistry
37:51 Bracer
38:22 Plate Mail Armor
37:46 Elite Champi Warrior
38:28 Elite Guecha Warrior
41:34 Elite Skirmisher
46:58 Conscription
46:44 Huaracas
47:46 Town Patrol
47:17 Onager
56:23 Siege Engineers
56:48 Ballistics
56:26 Murder Holes
60:04 Masonry
jantotu
8:16 Loom
11:15 Feudal Age
15:22 Castle Age
13:35 Double-Bit Axe
14:06 Horse Collar
17:20 Bow Saw
20:13 Fletching
25:38 Wheelbarrow
27:05 Bloodlines
28:14 Bodkin Arrow
29:03 Hand Cart
28:43 Town Watch
29:43 Padded Archer Armor
30:06 Ballistics
35:20 Imperial Age
34:50 Scale Barding Armor
34:57 Corvinian Army
35:52 Chain Barding Armor
36:25 Bracer
36:15 Heavy Cavalry Archer
38:12 Plate Barding Armor
42:28 Chemistry
42:03 Parthian Tactics
42:16 Conscription
42:35 Leather Archer Armor
45:48 Elite Magyar Huszar
47:24 Recurve Bow
62:05 Two-Man Saw
Connection lost

Rejoining the realm…

Still unreachable

The connection could not be restored.

Session expired

The server has moved on; the page needs a fresh start.